 Dungeon Crawl Stone Soup version 0.20-b1-18-gaa2fd62 (webtiles) character file.

751 FakerFangirl the Basher (level 7, -4/59 HPs)
             Began as a Yellow Draconian Fighter on May 25, 2017.
             Killed from afar by an orc wizard (7 damage)
             ... with a puff of flame
             ... on level 5 of the Dungeon.
             The game lasted 00:04:22 (3788 turns).

FakerFangirl the Basher (Yellow Draconian Fighter)  Turns: 3788, Time: 00:04:23

Health: -4/59      AC:  7    Str: 18    XL:     7   Next: 49%
Magic:  7/7        EV: 10    Int:  9    God:
Gold:   24         SH:  9    Dex: 12    Spells: 6/6 levels left

rFire    . . .     SeeInvis .   Y - +2 flail (crush)
rCold    . . .     Gourm    .   b - +0 shield
rNeg     . . .     Faith    .   (armour unavailable)
rPois    .         Spirit   .   (helmet restricted)
rElec    .         Reflect  .   (no cloak)
rCorr    +         Harm     .   i - +0 pair of gloves
MR       .....                  (no boots)
Stlth    +.........             l - amulet of regeneration
Regen    0.6/turn               (no ring)
MPRegen  0.1/turn               (no ring)

@: no status effects
A: spit acid, acid resistance, unfitting armour, cold-blooded, AC +6
a: Breathe Acid


You were on level 5 of the Dungeon.
You were hungry.

You visited 1 branch of the dungeon, and saw 5 of its levels.

You collected 232 gold pieces.
You spent 208 gold pieces at shops.


Innate Abilities, Weirdness & Mutations

You can spit globs of acid.
You are resistant to acid.
Your golden yellow scales are hard. (AC +6)
You cannot fit into any form of body armour.
You are cold-blooded and may be slowed by cold attacks.


   Skills:
 - Level 4.0 Fighting
 - Level 8.0 Maces & Flails
 - Level 2.6 Dodging
 + Level 3.6 Shields


You had 6 spell levels left.
You didn't know any spells.

Inventory:

Hand Weapons
 Y - a +2 flail of crushing (weapon)
Missiles
 e - 6 tomahawks (quivered)
Armour
 b - a +0 shield (worn)
 i - a +0 pair of gloves (worn)
Jewellery
 l - an amulet of regeneration (around neck)
Wands
 a - a wand of iceblast (6/15)
Scrolls
 n - 2 scrolls of teleportation
 p - a scroll of identify
Potions
 c - 2 potions of might
 j - 3 potions of curing
Comestibles
 d - 5 bread rations
 f - 5 meat rations
 g - 2 chunks of flesh
 h - a royal jelly
 r - a fruit

Dungeon Overview and Level Annotations

Branches:
Dungeon (5/15)
 Temple: D:4-7

Altars:
Hepliaklqana
Okawaru
Qazlal
Ru

Shops:
D:4 (*!(

Annotations:
D:5 1 runed door


Message History

You block the puff of frost. Something hits you.
Something hits you but does no damage.
You hit something.
Your tail-slap misses something.
Something hits you but does no damage.
You hear some strange, mumbled words.
A magic dart appears from out of thin air!
The magic dart hits you! Something hits you but does no damage.
You miss something. Something hits you. You block something's attack.
Something hits you but does no damage.
You sock something! Something hits you. Something hits you but does no damage.
You miss something.
You hear some strange, mumbled words.
A magic dart appears from out of thin air!
The magic dart hits you!
You hear some strange, mumbled words.
A puff of flame appears from out of thin air!
The puff of flame hits you!
You die...

#.# #.# #.#
#.# ## #.#
#.# ##.. ..#
###.# ...#
#.# #...#
#..# #.#
#.### #..#
#.# #{)# #.#
#####@{# #.#
#......# #.#
#.###<## #.#
#.#####.###)#
#.#
#...........#
#.#
######.#####
#.# #.# #.#
#.# #.# #.#
#.#


There were no monsters in sight!

Vanquished Creatures
  Sigmund (D:3)
  5 orc priests
  4 orc wizards (D:4)
  A centaur skeleton (D:4)
  2 iguanas (D:4)
  Ijyb (D:3)
  2 worker ants (D:4)
  Natasha (thrice) (D:3)
  3 adders
  A shadow imp (D:5)
  2 worms
  4 dart slugs
  2 leopard geckos
  13 orcs
  5 bats
  6 giant cockroaches
  4 goblins
  7 hobgoblins
  2 jackals (D:4)
  2 quokkas
  2 ball pythons
  3 frilled lizards
  2 kobolds
  A rat (D:3)
78 creatures vanquished.

Vanquished Creatures (others)
  A rat (D:2)
1 creature vanquished.

Grand Total: 79 creatures vanquished

Notes
Turn   | Place    | Note
-------+----------+-------------------------------------------
     0 | D:1      | FakerFangirl the Draconian Fighter began the quest for the Orb.
     0 | D:1      | Reached XP level 1. HP: 19/19 MP: 1/1
     0 | D:1      | 0 ||| counter = 5
   286 | D:1      | Reached XP level 2. HP: 25/26 MP: 2/2
   582 | D:1      | Reached skill level 3 in Maces & Flails
   692 | D:1      | 692 ||| UPGRADING to pair of gloves.
   697 | D:1      | 697 ||| READING scroll labeled BEFFISHRIES.
   698 | D:1      | 698 ||| READING scroll labeled JOTOMILOUS.
   699 | D:1      | 699 ||| READING 2 scrolls labeled ZIEVVI IHOBAGA.
   700 | D:1      | 700 ||| READING scroll labeled QADDIA JACLIE.
   701 | D:1      | 701 ||| DRINKING 2 coppery potions.
  1091 | D:2      | Reached XP level 3. HP: 31/31 MP: 3/3
  1117 | D:2      | Found a stormy altar of Qazlal.
  1290 | D:2      | 1290 ||| READING 2 scrolls labeled ONKANAI KENA.
  1291 | D:2      | 1291 ||| READING 4 scrolls of identify.
  1291 | D:2      | 1291 ||| IDENTIFYING yellow potion
  1292 | D:2      | 1292 ||| READING 3 scrolls of identify.
  1292 | D:2      | 1292 ||| IDENTIFYING murky puce potion
  1293 | D:2      | 1293 ||| READING 2 scrolls of identify.
  1293 | D:2      | 1293 ||| IDENTIFYING emerald potion
  1294 | D:2      | 1294 ||| DROPPING potion of magic.
  1295 | D:2      | 1295 ||| DROPPING potion of ambrosia.
  1296 | D:2      | 1296 ||| DROPPING scroll of noise.
  1297 | D:2      | 1297 ||| DROPPING potion of degeneration.
  1347 | D:3      | Noticed Ijyb
  1366 | D:3      | Killed Ijyb
  1366 | D:3      | Reached skill level 4 in Maces & Flails
  1562 | D:3      | Noticed Sigmund
  1573 | D:3      | 1573 ||| DRINKING 3 potions of curing.
  1573 | D:3      | 1573 ||| (to cure confusion)
  1576 | D:3      | Killed Sigmund
  1576 | D:3      | Reached skill level 5 in Maces & Flails
  1576 | D:3      | Reached XP level 4. HP: 36/38 MP: 4/4
  1576 | D:3      | Reached XP level 5. HP: 42/45 MP: 5/5
  1742 | D:3      | Noticed Natasha
  1743 | D:3      | Found a hazy altar of Hepliaklqana.
  1760 | D:3      | Killed Natasha
  1760 | D:3      | Reached skill level 6 in Maces & Flails
  2118 | D:3      | Noticed Natasha
  2130 | D:3      | Killed Natasha
  2130 | D:3      | Reached XP level 6. HP: 45/52 MP: 6/6
  2274 | D:3      | Noticed Natasha
  2288 | D:3      | Killed Natasha
  2365 | D:3      | 2365 ||| READING 2 scrolls labeled WUTUISHR FURCHI.
  2368 | D:3      | 2368 ||| READING scroll labeled UWISEB AQOME.
  2369 | D:3      | 2369 ||| READING scroll labeled KIEJ OLIGESUTZ.
  2370 | D:3      | 2370 ||| READING scroll of identify.
  2370 | D:3      | 2370 ||| IDENTIFYING twisted sapphire amulet
  2371 | D:3      | 2371 ||| UPGRADING to amulet of regeneration.
  2454 | D:4      | Found Evu Notu's Magic Scroll Boutique.
  2637 | D:4      | 2637 ||| Stepping ~*~*~tactically~*~*~ (outnumbered).
  2638 | D:4      | 2638 ||| Stepping ~*~*~tactically~*~*~ (outnumbered).
  2642 | D:4      | Reached skill level 7 in Maces & Flails
  2702 | D:4      | Found Goudwe's Distillery.
  2720 | D:4      | Your scales start taking on a golden yellow colour.
  2720 | D:4      | Reached XP level 7. HP: 27/59 MP: 7/7
  2766 | D:4      | Bought a potion of curing for 30 gold pieces
  2766 | D:4      | Bought a potion of might for 40 gold pieces
  2766 | D:4      | Bought a potion of curing for 30 gold pieces
  2766 | D:4      | 2766 ||| SHOPLISTING 2 potions of heal wounds (100 gold, have 92).
  2769 | D:4      | Got a bone whip
  2770 | D:4      | 2770 ||| SWAPPING to bone whip.
  2770 | D:4      | Identified the +0 whip of Woe {slash, *Corrode rPois Str+2 Int+3} (You found it on level 4 of the Dungeon)
  2771 | D:4      | 2771 ||| SWAPPING to +1 flail.
  2772 | D:4      | 2772 ||| DROPPING +0 whip of Woe {slash, *Corrode rPois Str+2 Int+3}.
  2776 | D:4      | 2776 ||| SWAPPING to flail of crushing.
  2779 | D:4      | 2779 ||| DROPPING +1 flail.
  2896 | D:4      | Found a sacrificial altar of Ru.
  2952 | D:4      | Found Onkiottan's Antique Weapon Boutique.
  3200 | D:4      | Found Anwiag's Weapon Shoppe.
  3223 | D:4      | Found an iron altar of Okawaru.
  3236 | D:4      | Reached skill level 8 in Maces & Flails
  3287 | D:4      | Found Nubet's Assorted Antiques.
  3299 | D:4      | Bought a scroll of teleportation for 81 gold pieces
  3299 | D:4      | 3299 ||| SHOPLISTING 2 sedimented orange potions (48 gold, have 34).
  3299 | D:4      | 3299 ||| SHOPLISTING scroll of identify (54 gold, have 34).
  3299 | D:4      | 3299 ||| SHOPLISTING scroll of teleportation (81 gold, have 34).
  3299 | D:4      | Bought a scroll labeled PUODWA UHEURI for 27 gold pieces
  3299 | D:4      | 3299 ||| SHOPLISTING scroll labeled RIEFFEL ONO (27 gold, have 7).
  3299 | D:4      | 3299 ||| SHOPLISTING agate ring (135 gold, have 7).
  3540 | D:4      | 3540 ||| READING scroll labeled LEIRCH JYV FIE.
  3541 | D:4      | 3541 ||| READING scroll labeled RIEFFEL ONO.
  3542 | D:4      | 3542 ||| READING scroll labeled PUODWA UHEURI.
  3543 | D:4      | 3543 ||| DRINKING 2 fizzy brown potions.
  3568 | D:4      | 3568 ||| READING 3 scrolls of identify.
  3568 | D:4      | 3568 ||| IDENTIFYING scratched agate ring
  3569 | D:4      | 3569 ||| DROPPING cursed -3 ring of dexterity.
  3570 | D:4      | 3570 ||| READING 2 scrolls of identify.
  3570 | D:4      | 3570 ||| IDENTIFYING amethyst potion
  3571 | D:4      | 3571 ||| DROPPING potion of berserk rage.
  3572 | D:4      | 3572 ||| DROPPING potion of flight.
  3618 | D:5      | Entered Level 5 of the Dungeon
  3705 | D:5      | Found a runed door.
  3772 | D:5      | 3772 ||| DRINKING 4 potions of curing.
  3772 | D:5      | 3772 ||| (to cure confusion)
  3783 | D:5      | HP: 13/59 [something (3)]
  3788 | D:5      | HP: 3/59 [something/magic dart (6)]
  3788 | D:5      | Killed from afar by an orc wizard

Vault maps used:
D:1:      zelgadis_glass_arrival_small, serial_park_tiny_1
D:2:      nicolae_qazlal_eye_of_the_storm
D:3:      old_standard_altar, first_bread, uniq_sigmund, uniq_natasha, uniq_ijyb
D:4:      lemuel_crystal_altar, lemuel_round_altar, serial_shops, shop, shop,
          kennysheep_mini, shop, nicolae_shop_stone
D:5:      chequers_temple_overflow_statue_of_worship, temple_statues,
          uniq_eustachio, uniq_crazy_yiuf_cottage, uniq_grinder,
          uniq_prince_ribbit1

Skill      XL: |  1  2  3  4  5  6  7 |
---------------+----------------------+-----
Maces & Flails | 3 5 6 7 8 |  8.0
Fighting       | 4 |  4.0
Dodging        | |  2.6
Shields        | |  3.6

Action                   |  1- 3 |  4- 6 |  7- 9 || total
-------------------------+-------+-------+-------++-------
Melee: Flail             |    96 |   103 |   100 ||   299
       Tailslap          |     8 |    17 |    13 ||    38
Throw: Tomahawk          |       |       |     2 ||     2
  Use: Scroll            |     8 |     4 |     5 ||    17
       Potion            |     2 |       |     2 ||     4
  Eat: Chunk             |     2 |     4 |     3 ||     9
Armor: Skin              |    23 |    24 |    46 ||    93
Dodge: Dodged            |    36 |    36 |    13 ||    85
Block: Shield            |    40 |    31 |    51 ||   122
